[Event "Titled Tuesday Blitz July 25 Late 2023"]
[White "Troff, Kayden"]
[Black "Omranalhosani21"]
[WhiteFideId "2047896"]
[WhiteElo "2794"]
[BlackElo "2515"]
[Result "1-0"]
[Round "2"]
[TimeControl "180+2"]
[Date "2023.07.25"]
[WhiteClock "0:00:38"]
[BlackClock "0:01:18"]
[Board "53"]

1. d4 Nf6 2. Nf3 g6 3. Bg5 Bg7 4. Nc3 d5 5. e3 Bf5 6. Bd3 Bxd3 7. Qxd3 O-O 8. Ne5 c5 9. dxc5 Qc7 10. Bxf6 exf6 11. Nf3 Qxc5 12. Qxd5 Qb4 13. Qb3 Qe7 14. Nd5 Qd7 15. O-O-O Qg4 16. Nc7 Qxg2 17. Qxb7 Nd7 18. Nxa8 Ne5 19. Rhg1 Qxf3 20. Qxf3 Nxf3 21. Rg3 Ng5 22. Nc7 Ne4 23. Rg2 f5 24. Nd5 Rb8 25. c3 Be5 26. f3 Nc5 27. Ne7+ Kg7 28. Nc6 Re8 29. Rd5 1-0


[Site "https://www.chess.com"]

[Event "Titled Tuesday Blitz July 25 Late 2023"]
[White "Hambleton, Aman"]
[Black "To, Nhat Minh"]
[WhiteFideId "2606577"]
[BlackFideId "729019"]
[WhiteElo "2789"]
[BlackElo "2512"]
[Result "0-1"]
[Round "2"]
[TimeControl "180+2"]
[Date "2023.07.25"]
[WhiteClock "0:00:00"]
[BlackClock "0:00:06"]
[Board "54"]

1. d4 Nf6 2. Bf4 d5 3. e3 c5 4. c3 Nc6 5. Nd2 Bf5 6. Qb3 Qd7 7. Ngf3 c4 8. Qd1 e6 9. a4 Be7 10. Be2 h6 11. O-O O-O 12. b3 cxb3 13. Qxb3 Rfc8 14. a5 Ne4 15. Rfc1 g5 16. Nxe4 gxf4 17. Ned2 fxe3 18. fxe3 Bd8 19. a6 b6 20. Bb5 Qd6 21. c4 Na5 22. Rxa5 bxa5 23. c5 Qc7 24. Bd3 Rab8 25. Qc2 Bxd3 26. Qxd3 Bf6 27. Rf1 Bg7 28. e4 dxe4 29. Nxe4 Rd8 30. Qe3 Rb4 31. Nd6 Rxd6 32. cxd6 Qxd6 33. Ne5 Qxd4 34. Qxd4 Rxd4 35. Nc6 Rd6 36. Nxa5 Rxa6 37. Nc4 Bd4+ 38. Kh1 Ra1 39. Rxa1 Bxa1 40. Kg1 Bd4+ 41. Kf1 Kg7 42. Ke2 f5 43. Kd3 Bc5 44. Ne5 Bb6 45. h3 Kf6 46. Nd7+ Ke7 47. Ne5 h5 48. Nf3 Kf6 49. Kc4 e5 50. Kd5 e4 51. Ne5 e3 52. Nf3 a5 53. Kc4 f4 54. Kd3 Kf5 55. Ne1 Ke5 56. Kc4 Ke4 57. Kb5 Bd8 58. Kc4 Bh4 59. Nf3 Bf6 60. Ne1 Be7 61. Nf3 a4 62. Kc3 a3 63. Kc2 Bd6 64. Ne1 Bc5 65. Nd3 Bd6 66. Ne1 Be7 67. Nd3 Bg5 68. Nc5+ Kd5 69. Nd3 Kd4 70. Ne1 Kc4 71. Nd3 Bh6 72. Ne5+ Kd5 73. Nd3 Ke4 74. Nc5+ Kf5 75. Nd3 Bf8 76. Kb3 Ke4 77. Kc2 f3 78. gxf3+ Kxf3 79. Ne5+ Kf2 80. Nd3+ Kf1 81. Nf4 e2 82. Nxh5 e1=Q 83. Nf4 Qf2+ 84. Ne2 Qxe2+ 85. Kc1 Qb2+ 86. Kd1 Bb4 0-1


[Site "https://www.chess.com"]

[Event "Titled Tuesday Blitz July 25 Late 2023"]
[White "Gasparyan, David"]
[Black "Riehle, Marco"]
[WhiteFideId "13311980"]
[BlackFideId "12904392"]
[WhiteElo "2510"]
[BlackElo "2788"]
[Result "0-1"]
[Round "2"]
[TimeControl "180+2"]
[Date "2023.07.25"]
[WhiteClock "0:00:02"]
[BlackClock "0:01:01"]
[Board "55"]

1. Nf3 c5 2. c4 Nf6 3. Nc3 d5 4. cxd5 Nxd5 5. g3 Nc6 6. Bg2 Nc7 7. O-O e5 8. d3 Be7 9. Be3 Be6 10. Rc1 f6 11. Ne4 b6 12. a3 Qd7 13. Qc2 Nb5 14. Qa4 Nbd4 15. Bxd4 Nxd4 16. Qxd7+ Kxd7 17. Nxd4 cxd4 18. Nd2 Rac8 19. Bb7 Rc7 20. Rxc7+ Kxc7 21. Bg2 Rc8 22. Rc1+ Kd7 23. Rxc8 Kxc8 24. Kf1 Kc7 25. Ke1 b5 26. Kd1 a5 27. Kc2 a4 28. Bf3 Kb6 29. Bg2 b4 30. axb4 Bxb4 31. Bf3 Kb5 32. Bg2 Bxd2 33. Kxd2 Kb4 34. Kc2 Bg4 35. f3 Be6 36. h4 f5 37. Bh3 Bb3+ 38. Kd2 f4 39. gxf4 exf4 40. Bf5 h6 41. Bd7 Kc5 42. Ke1 Kd6 43. Be8 Ke7 44. Bh5 Kf6 45. Bg4 g6 46. Kf2 h5 47. Bd7 g5 48. hxg5+ Kxg5 49. Kg2 h4 50. Kf2 Kf6 51. Ke1 Ke5 52. Kd2 Be6 53. Bxe6 Kxe6 54. Ke1 Kd5 55. e4+ dxe3 56. Kd1 Kd4 57. Ke2 h3 58. b3 axb3 59. Ke1 b2 60. Ke2 h2 61. Kd1 b1=Q+ 62. Ke2 Qxd3+ 63. Ke1 h1=Q# 0-1


[Site "https://www.chess.com"]

[Event "Titled Tuesday Blitz July 25 Late 2023"]
[White "D`Arruda, Ricardo D."]
[Black "Bauman_Guy"]
[WhiteFideId "100692"]
[WhiteElo "2510"]
[BlackElo "2787"]
[Result "0-1"]
[Round "2"]
[TimeControl "180+2"]
[Date "2023.07.25"]
[WhiteClock "0:01:53"]
[BlackClock "0:02:44"]
[Board "56"]

1. d4 Nf6 2. Nf3 b6 3. Nc3 Bb7 4. g3 g6 5. Bg2 Bg7 6. O-O O-O 7. Re1 d5 8. Ne5 Nbd7 9. Bf4 c5 10. e3 e6 11. Nxd7 Nxd7 12. Nb5 e5 13. dxe5 Nxe5 14. Nc3 Nc4 15. Nxd5 Nxb2 16. Qf3 Qxd5 17. Qxd5 Bxd5 18. Bxd5 Rad8 19. e4 Na4 20. Rac1 Nc3 21. Bb3 b5 22. a3 c4 0-1


[Site "https://www.chess.com"]

[Event "Titled Tuesday Blitz July 25 Late 2023"]
[White "Pakleza, Zbigniew"]
[Black "Cnejev, Vladimir-Alexandru"]
[WhiteFideId "1119290"]
[BlackFideId "1260898"]
[WhiteElo "2785"]
[BlackElo "2509"]
[Result "0-1"]
[Round "2"]
[TimeControl "180+2"]
[Date "2023.07.25"]
[WhiteClock "0:00:01"]
[BlackClock "0:00:07"]
[Board "57"]

1. d4 d5 2. Bf4 Nf6 3. e3 e6 4. Nd2 c5 5. c3 Bd6 6. Bg3 Qc7 7. Ngf3 Nbd7 8. c4 b6 9. Rc1 Bxg3 10. hxg3 dxc4 11. Bxc4 Bb7 12. dxc5 bxc5 13. O-O O-O 14. Qa4 Nb6 15. Qa5 Rfd8 16. Rfd1 Ne4 17. Be2 Nxd2 18. Nxd2 Rac8 19. Bf3 Bxf3 20. gxf3 c4 21. Kg2 g6 22. g4 Rd3 23. Ne4 Rcd8 24. Rxd3 Rxd3 25. g5 Kg7 26. Nf6 Qb8 27. f4 Nd5 28. Nxd5 exd5 29. b3 cxb3 30. axb3 Qd6 31. Qxa7 d4 32. Qb7 dxe3 33. fxe3 Rxe3 34. Rc2 Qxf4 35. Qc6 Qg3+ 36. Kf1 Re1# 0-1


[Site "https://www.chess.com"]

[Event "Titled Tuesday Blitz July 25 Late 2023"]
[White "only_strong_moves"]
[Black "Oro, Faustino"]
[BlackFideId "20000197"]
[WhiteElo "2508"]
[BlackElo "2784"]
[Result "0-1"]
[Round "2"]
[TimeControl "180+2"]
[Date "2023.07.25"]
[WhiteClock "0:00:10"]
[BlackClock "0:00:26"]
[Board "58"]

1. d4 Nf6 2. c4 e6 3. Nf3 d5 4. Nc3 Bb4 5. cxd5 exd5 6. Bg5 O-O 7. e3 h6 8. Bh4 c6 9. Qb3 a5 10. Be2 Nbd7 11. O-O Re8 12. a3 Bd6 13. Bg3 Bxg3 14. hxg3 g6 15. Rad1 h5 16. Bd3 Kg7 17. Rfe1 Nf8 18. e4 dxe4 19. Nxe4 Nd5 20. Ne5 Ne6 21. Bc4 Nxd4 22. Rxd4 Rxe5 23. f4 Rf5 24. Red1 Be6 25. Nc5 b5 26. Bd3 Rf6 27. Be4 Qb6 28. Qc2 Ne3 29. Qf2 Nxd1 30. Rxd1 Qc7 31. Qd4 Re8 32. Bf3 Bd5 33. Bxd5 cxd5 34. Qxd5 Qe7 35. Nd3 Qe3+ 36. Kh2 h4 37. g4 Qg3+ 38. Kh1 h3 39. gxh3 Rh8 40. Qg2 Rxh3+ 41. Kg1 Qe3+ 42. Nf2 Rg3 0-1


[Site "https://www.chess.com"]

[Event "Titled Tuesday Blitz July 25 Late 2023"]
[White "Basso, Pier Luigi"]
[Black "Urbina Perez, Juan Antonio"]
[WhiteFideId "866970"]
[BlackFideId "2217368"]
[WhiteElo "2784"]
[BlackElo "2467"]
[Result "1-0"]
[Round "2"]
[TimeControl "180+2"]
[Date "2023.07.25"]
[WhiteClock "0:01:52"]
[BlackClock "0:00:56"]
[Board "59"]

1. e4 c5 2. Nf3 d6 3. d4 cxd4 4. Nxd4 Nf6 5. Nc3 a6 6. f3 e5 7. Nb3 Be6 8. Be3 Be7 9. Qd2 O-O 10. O-O-O Nbd7 11. g4 b5 12. g5 Nh5 13. Ne2 Nb6 14. Na5 Rc8 15. Kb1 Nc4 16. Nxc4 bxc4 17. Nc3 f5 18. exf5 Bxf5 19. Bxc4+ Kh8 20. Bxa6 Rb8 21. Bc4 Nf4 22. Bxf4 exf4 23. h4 Qb6 24. Bb3 Rfc8 25. Rhe1 Bf8 26. Qd5 1-0


[Site "https://www.chess.com"]

[Event "Titled Tuesday Blitz July 25 Late 2023"]
[White "Morefield, Jason"]
[Black "Pniaczek, Marek"]
[WhiteFideId "30920825"]
[BlackFideId "21800421"]
[WhiteElo "2775"]
[BlackElo "2459"]
[Result "0-1"]
[Round "2"]
[TimeControl "180+2"]
[Date "2023.07.25"]
[WhiteClock "0:01:24"]
[BlackClock "0:00:50"]
[Board "60"]

1. e4 e5 2. Nf3 Nc6 3. Bb5 a6 4. Ba4 Nf6 5. O-O b5 6. Bb3 Be7 7. a4 Na5 8. Ba2 O-O 9. d3 d6 10. Bd2 c5 11. axb5 axb5 12. b4 cxb4 13. Bxb4 Bg4 14. Nbd2 Nc6 15. Bc3 d5 16. h3 Bxf3 17. Qxf3 dxe4 18. Nxe4 Nd4 19. Nxf6+ Bxf6 20. Qd1 e4 21. dxe4 Ne2+ 22. Qxe2 Bxc3 23. Rad1 Qe7 24. Bb3 b4 25. Rd3 Rfd8 26. Rfd1 g6 27. Rf3 Rxd1+ 28. Qe1 0-1


[Site "https://www.chess.com"]

[Event "Titled Tuesday Blitz July 25 Late 2023"]
[White "Wu, Derek"]
[Black "Balla, Tamas-Kristof"]
[WhiteFideId "30914558"]
[BlackFideId "1208497"]
[WhiteElo "2772"]
[BlackElo "2451"]
[Result "1-0"]
[Round "2"]
[TimeControl "180+2"]
[Date "2023.07.25"]
[WhiteClock "0:00:55"]
[BlackClock "0:00:09"]
[Board "61"]

1. e4 c5 2. Nf3 Nc6 3. Bb5 Nf6 4. Nc3 Nd4 5. Bc4 e6 6. O-O a6 7. e5 d5 8. exd6 Bxd6 9. a4 O-O 10. d3 h6 11. Re1 Bd7 12. Ne4 Nxe4 13. dxe4 Bc6 14. c3 Nxf3+ 15. Qxf3 Qh4 16. g3 Qe7 17. Qg4 Kh8 18. e5 Bc7 19. Qh5 Rad8 20. h4 b5 21. Bg5 f6 22. exf6 Rxf6 23. Rxe6 Qf7 24. Qxf7 Rxf7 25. Rxc6 bxc4 26. Bxd8 1-0


[Site "https://www.chess.com"]

[Event "Titled Tuesday Blitz July 25 Late 2023"]
[White "Pulpan, Jakub"]
[Black "Omariev, Maksim"]
[WhiteFideId "302759"]
[BlackFideId "4193423"]
[WhiteElo "2771"]
[BlackElo "2449"]
[Result "1-0"]
[Round "2"]
[TimeControl "180+2"]
[Date "2023.07.25"]
[WhiteClock "0:01:33"]
[BlackClock "0:00:00"]
[Board "62"]

1. Nf3 d5 2. b3 c5 3. e3 a6 4. Bb2 Nc6 5. Be2 Nf6 6. d4 Bf5 7. Nbd2 e6 8. O-O cxd4 9. Nxd4 Nxd4 10. Bxd4 Bd6 11. c4 O-O 12. cxd5 exd5 13. Nf3 Be4 14. h3 Rc8 15. Rc1 Qe7 16. Qd2 Rfd8 17. Rxc8 Rxc8 18. Rc1 Re8 19. Bd3 Bb8 20. Qc3 Bxd3 21. Qxd3 Ne4 22. Bb2 Qe6 23. Qd4 f6 24. Qb4 b5 25. a4 bxa4 26. Qxa4 Rd8 27. Rc6 Qf5 28. Qxa6 Nxf2 29. Kxf2 Qd3 30. Qxd3 1-0


[Site "https://www.chess.com"]

[Event "Titled Tuesday Blitz July 25 Late 2023"]
[White "Necromon"]
[Black "Nenezic, Marko"]
[BlackFideId "912123"]
[WhiteElo "2448"]
[BlackElo "2771"]
[Result "0-1"]
[Round "2"]
[TimeControl "180+2"]
[Date "2023.07.25"]
[WhiteClock "0:00:16"]
[BlackClock "0:01:08"]
[Board "63"]

1. Nf3 d5 2. c4 d4 3. e3 c5 4. b4 Nf6 5. bxc5 Nc6 6. exd4 Nxd4 7. Bb2 e5 8. Nxe5 Bxc5 9. Qa4+ b5 10. cxb5 O-O 11. Be2 Re8 12. f4 Nxe2 13. Kxe2 Bg4+ 14. Kf1 Rxe5 15. d4 Re2 16. Qc4 Bd6 17. Bc3 Ne4 18. Be1 Qf6 19. g3 Bxf4 20. Qc6 Bd6+ 0-1


[Site "https://www.chess.com"]

[Event "Titled Tuesday Blitz July 25 Late 2023"]
[White "Jorajuria Mendoza, Algol"]
[Black "Krishna C R G"]
[WhiteFideId "5128897"]
[BlackFideId "5018625"]
[WhiteElo "2437"]
[BlackElo "2770"]
[Result "0-1"]
[Round "2"]
[TimeControl "180+2"]
[Date "2023.07.25"]
[WhiteClock "0:00:03"]
[BlackClock "0:01:36"]
[Board "64"]

1. e4 d6 2. d4 Nf6 3. Nc3 Nbd7 4. Nf3 e5 5. Bc4 Be7 6. a4 c6 7. O-O a5 8. Qe2 Qc7 9. Ba2 O-O 10. d5 c5 11. Bg5 Qd8 12. Nb5 Ne8 13. Bd2 g6 14. Kh1 Ng7 15. Bh6 f5 16. exf5 gxf5 17. Rae1 Kh8 18. c3 Nb6 19. Nxe5 dxe5 20. Qxe5 Bf6 21. Qg3 Bd7 22. Nc7 Rc8 23. Ne6 Bxe6 24. dxe6 Qe7 25. Rd1 Rfd8 26. Qf3 Nxa4 27. Bxg7+ Bxg7 28. Qxf5 Nxb2 29. Rb1 Na4 30. Bd5 Nxc3 31. Bxb7 Nxb1 32. Bxc8 Nd2 33. Rd1 c4 34. Bd7 c3 35. h3 Rf8 36. Qxa5 c2 37. Qxd2 cxd1=Q+ 38. Qxd1 Rxf2 39. Qg4 Rf1+ 40. Kh2 Qd6+ 41. g3 Qd2+ 0-1


[Site "https://www.chess.com"]

[Event "Titled Tuesday Blitz July 25 Late 2023"]
[White "Goncalves, Davi Sulzbacher"]
[Black "Bolourchifard, Farzad"]
[WhiteFideId "2154510"]
[BlackFideId "12510084"]
[WhiteElo "2437"]
[BlackElo "2764"]
[Result "0-1"]
[Round "2"]
[TimeControl "180+2"]
[Date "2023.07.25"]
[WhiteClock "0:00:00"]
[BlackClock "0:00:21"]
[Board "65"]

1. Nf3 d5 2. d4 Nf6 3. c4 e6 4. Nc3 Be7 5. Bg5 h6 6. Bh4 O-O 7. e3 Nbd7 8. Rc1 c6 9. Qc2 a6 10. c5 Nh5 11. Bg3 f5 12. Be5 Nhf6 13. Bd3 Ne4 14. g4 fxg4 15. Bxe4 gxf3 16. Bh7+ Kh8 17. Bxg7+ Kxg7 18. Qg6+ Kh8 19. Qxh6 Bg5 20. Qh5 Nf6 21. Qxg5 Nxh7 22. Qg3 e5 23. Rg1 Qe7 24. dxe5 Be6 25. Kd2 Rf5 26. h4 Rg8 27. Qh2 Qxc5 28. Rxg8+ Bxg8 29. Rg1 Qe7 30. Qg3 Be6 31. e4 Rf8 32. exd5 cxd5 33. Re1 d4 34. Ne4 Qb4+ 35. Kd1 Qa4+ 36. Kd2 Qxa2 37. Nf6 Qxb2+ 0-1


[Site "https://www.chess.com"]

[Event "Titled Tuesday Blitz July 25 Late 2023"]
[White "Dias, Paulo"]
[Black "Mahdavi, Reza"]
[WhiteFideId "1900803"]
[BlackFideId "12595926"]
[WhiteElo "2425"]
[BlackElo "2762"]
[Result "0-1"]
[Round "2"]
[TimeControl "180+2"]
[Date "2023.07.25"]
[WhiteClock "0:00:20"]
[BlackClock "0:00:08"]
[Board "66"]

1. Nf3 Nf6 2. b3 g6 3. Bb2 Bg7 4. g3 d6 5. Bg2 e5 6. O-O O-O 7. c4 Nc6 8. Nc3 h6 9. d4 exd4 10. Nxd4 Bd7 11. e3 Re8 12. Nd5 Ne5 13. h3 Nxd5 14. cxd5 f5 15. Rc1 Rc8 16. Rc2 Qe7 17. Qd2 c5 18. dxc6 bxc6 19. Rd1 Red8 20. f4 Nf7 21. Bxc6 Bxc6 22. Nxc6 Qe4 23. Bxg7 Rxc6 24. Rxc6 Qxc6 25. Rc1 Qf3 26. Bd4 Qxg3+ 27. Qg2 Qxg2+ 28. Kxg2 Rd7 29. Rc8+ Kh7 30. b4 g5 31. Kf3 Kg6 32. Rg8+ Kh5 33. b5 d5 34. Rg7 Kh4 35. a4 Kxh3 36. fxg5 Nxg5+ 37. Kf4 Ne6+ 0-1


[Site "https://www.chess.com"]

[Event "Titled Tuesday Blitz July 25 Late 2023"]
[White "Skvortsov, Andrei"]
[Black "Miszler, Levente"]
[WhiteFideId "24108600"]
[BlackFideId "763276"]
[WhiteElo "2758"]
[BlackElo "2421"]
[Result "0-1"]
[Round "2"]
[TimeControl "180+2"]
[Date "2023.07.25"]
[WhiteClock "0:00:00"]
[BlackClock "0:00:18"]
[Board "67"]

1. e4 e6 2. d4 d5 3. exd5 exd5 4. Nf3 Nf6 5. Bd3 Bd6 6. Qe2+ Qe7 7. Qxe7+ Kxe7 8. Bg5 h6 9. Bh4 Be6 10. O-O Nd7 11. Re1 Rhe8 12. Ne5 Kf8 13. Nc3 c6 14. f4 Nb6 15. f5 Bd7 16. a4 a5 17. h3 c5 18. Nxd7+ Nfxd7 19. Nb5 Bf4 20. Bf2 c4 21. Bf1 Rxe1 22. Rxe1 Nxa4 23. b3 Nab6 24. g3 Bb8 25. Bg2 a4 26. bxc4 dxc4 27. Bxb7 Ra5 28. Bc6 a3 29. d5 a2 30. Bd4 Be5 31. Bxe5 Nxe5 32. Ra1 Nxd5 33. Nd4 Nb4 34. Be4 Ra3 35. Kf2 Ke7 36. Nb5 Ra5 37. Nc3 Nec6 38. Ke3 Ra3 39. Kd2 Nd4 40. g4 Kf6 41. Nd1 Rxh3 42. c3 Rh2+ 0-1


[Site "https://www.chess.com"]

[Event "Titled Tuesday Blitz July 25 Late 2023"]
[White "Al Mukhaini, Shima"]
[Black "Milikow, Yoav"]
[WhiteFideId "22005854"]
[BlackFideId "2822237"]
[WhiteElo "2412"]
[BlackElo "2757"]
[Result "0-1"]
[Round "2"]
[TimeControl "180+2"]
[Date "2023.07.25"]
[WhiteClock "0:00:16"]
[BlackClock "0:01:15"]
[Board "68"]

1. e4 e5 2. Nf3 Nc6 3. d4 exd4 4. Nxd4 Nf6 5. Nc3 Bb4 6. Nxc6 bxc6 7. e5 Qe7 8. f4 Ne4 9. Qd3 d5 10. Bd2 Nxd2 11. Qxd2 f6 12. a3 Ba5 13. O-O-O fxe5 14. fxe5 O-O 15. Re1 Rb8 16. b4 Bxb4 17. axb4 Qxb4 18. Bd3 Bg4 19. Qe3 d4 20. Qe4 Qa3+ 21. Kd2 Qxc3+ 22. Kc1 Bf5 23. Qxf5 Rxf5 24. Bxf5 g6 25. Bd3 c5 26. Kd1 c4 27. Be4 Rb1+ 28. Ke2 Qe3+ 29. Kf1 Rxe1# 0-1


[Site "https://www.chess.com"]

[Event "Titled Tuesday Blitz July 25 Late 2023"]
[White "Dwilewicz, Katarzyna"]
[Black "Remizov, Yaroslav"]
[WhiteFideId "1148486"]
[BlackFideId "34134015"]
[WhiteElo "2398"]
[BlackElo "2750"]
[Result "1-0"]
[Round "2"]
[TimeControl "180+2"]
[Date "2023.07.25"]
[WhiteClock "0:00:07"]
[BlackClock "0:00:16"]
[Board "69"]

1. e4 a6 2. d4 e6 3. Bd3 c5 4. c3 d5 5. exd5 exd5 6. Nf3 Nf6 7. O-O Be7 8. dxc5 Bxc5 9. Re1+ Be6 10. Nbd2 O-O 11. Nb3 Bd6 12. h3 h6 13. Nbd4 Bd7 14. Nf5 Bxf5 15. Bxf5 Nc6 16. Nd4 Bc7 17. g3 Nxd4 18. Qxd4 Bb6 19. Qf4 d4 20. cxd4 Bxd4 21. Kg2 Qd5+ 22. Qf3 Qc5 23. Be3 Rad8 24. Rac1 Qb6 25. Bxd4 Rxd4 26. Rc2 Rfd8 27. Rce2 g6 28. Bc2 Rd2 29. Bb3 Kg7 30. Re7 Rf8 31. R1e6 Qd4 32. Rxb7 Qxb2 33. Ree7 Kh8 34. Rxf7 Rdd8 35. Rbe7 Qd4 36. Qb7 Rxf7 37. Rxf7 Qd6 38. Qf3 Nd7 39. Qc3+ Qe5 40. Qxe5+ Nxe5 41. Rf6 a5 42. Ra6 Kg7 43. Rxa5 Nd3 44. Ra6 Nc5 45. Ra7+ Kh8 46. Bc4 Rd2 47. Rc7 Ne4 48. Rf7 Rb2 49. Bb3 Nd2 50. h4 Nxb3 51. axb3 Rxb3 52. Rc7 Kg8 53. g4 Rb4 54. f3 Rb1 55. Kg3 Rb5 56. Rc6 Kg7 57. Rc7+ Kg8 58. Rd7 Rb1 59. Kf4 Rb4+ 60. Kg3 Rb6 61. Kf4 Rf6+ 62. Ke4 Re6+ 63. Kd5 Re3 64. f4 Re1 65. Rd6 Kf7 66. h5 gxh5 67. gxh5 Kg7 68. Rg6+ Kh7 69. f5 Rh1 70. Ke6 Rxh5 71. Rf6 Rh1 72. Rf7+ Kg8 73. Rb7 Ra1 74. f6 Ra6+ 75. Kf5 Ra8 76. Kg6 Rf8 77. Rg7+ Kh8 78. Rh7+ Kg8 79. f7+ Rxf7 80. Rxf7 Kh8 81. Rf4 1-0


[Site "https://www.chess.com"]

[Event "Titled Tuesday Blitz July 25 Late 2023"]
[White "Matinian, Nikita"]
[Black "Lalanne, Pablo"]
[WhiteFideId "24129100"]
[BlackFideId "112151"]
[WhiteElo "2749"]
[BlackElo "2391"]
[Result "1-0"]
[Round "2"]
[TimeControl "180+2"]
[Date "2023.07.25"]
[WhiteClock "0:02:24"]
[BlackClock "0:00:11"]
[Board "70"]

1. e4 c5 2. Nf3 d6 3. d4 cxd4 4. Nxd4 Nf6 5. Nc3 Nc6 6. Bg5 e6 7. Qd3 Be7 8. O-O-O a6 9. f4 Qc7 10. Qg3 O-O 11. Nxc6 bxc6 12. Bd3 Rb8 13. e5 dxe5 14. fxe5 Nh5 15. Qh4 Bxg5+ 16. Qxg5 g6 17. g4 Ng7 18. Ne4 f5 19. exf6 Ne8 20. Rhf1 Rf7 21. h4 Bb7 22. h5 c5 23. hxg6 hxg6 24. Qxg6+ 1-0


[Site "https://www.chess.com"]

[Event "Titled Tuesday Blitz July 25 Late 2023"]
[White "Haraguchi, Diego Sashaki"]
[Black "Tristan, Leonardo"]
[WhiteFideId "22729925"]
[BlackFideId "113816"]
[WhiteElo "2379"]
[BlackElo "2746"]
[Result "0-1"]
[Round "2"]
[TimeControl "180+2"]
[Date "2023.07.25"]
[WhiteClock "0:00:15"]
[BlackClock "0:00:42"]
[Board "71"]

1. d4 d5 2. c4 e6 3. Nf3 Nf6 4. g3 Be7 5. Bg2 O-O 6. O-O dxc4 7. Qc2 a6 8. a4 Bd7 9. Qxc4 Bc6 10. Nc3 a5 11. Rd1 Nbd7 12. Bf4 Bd6 13. Be5 Qe7 14. Nb5 Rfc8 15. Rac1 Nb6 16. Qc2 Nfd5 17. Qb3 Nb4 18. Nc3 Qe8 19. Ra1 N4d5 20. Bxd6 cxd6 21. Nxd5 Nxd5 22. Nd2 Nb4 23. Bxc6 Qxc6 24. Rac1 Qxc1 25. Rxc1 Rxc1+ 26. Kg2 Rc2 27. Nc4 Rxe2 28. Nxa5 Rxa5 29. Qxb4 Rf5 30. Qxd6 Rfxf2+ 31. Kg1 Rg2+ 32. Kf1 h5 33. Qb8+ Kh7 34. Qxb7 Ref2+ 35. Ke1 Rxb2 36. Qe4+ f5 0-1


[Site "https://www.chess.com"]

[Event "Titled Tuesday Blitz July 25 Late 2023"]
[White "Tanenbaum, Zachary"]
[Black "K2JW"]
[WhiteFideId "2060850"]
[WhiteElo "2742"]
[BlackElo "2367"]
[Result "1-0"]
[Round "2"]
[TimeControl "180+2"]
[Date "2023.07.25"]
[WhiteClock "0:00:07"]
[BlackClock "0:00:03"]
[Board "72"]

1. e4 c6 2. d4 d5 3. exd5 cxd5 4. Bd3 Nc6 5. c3 Nf6 6. Bf4 Bg4 7. Qb3 Qd7 8. Nd2 e6 9. Ngf3 Bd6 10. Bxd6 Qxd6 11. O-O O-O 12. Rfe1 Ne7 13. Ne5 Bf5 14. Bxf5 Nxf5 15. Qxb7 Rab8 16. Qxa7 Rxb2 17. Nb3 h5 18. h3 Rc2 19. Rac1 Rxc1 20. Rxc1 Ne4 21. Nd3 Qc6 22. Nbc5 Ra8 23. Qxf7+ Kxf7 24. Ne5+ Kf6 25. Nxe4+ dxe4 26. Nxc6 Rxa2 27. Re1 Rc2 28. Rxe4 Rxc3 29. Nd8 Rd3 30. Rxe6+ Kg5 31. Nf7+ Kf4 32. Ne5 Rd1+ 33. Kh2 Nxd4 34. g3+ Kf5 35. Re8 Re1 36. Nc4 Rc1 37. Nd6+ Kf6 38. Kg2 Ne6 39. Ne4+ Kf7 40. Rh8 g6 41. Rh7+ Kg8 42. Re7 Ng7 43. Nf6+ Kf8 44. Ra7 Rc8 45. h4 Rc6 46. Nd7+ Kg8 47. Ne5 Re6 48. Ra8+ Kh7 49. Nf7 Re8 50. Ng5+ Kg8 51. Ra7 Rf8 52. Ra6 Nf5 53. Rxg6+ Kh8 54. Nf3 Rg8 55. Rxg8+ Kxg8 56. Ne5 Kg7 57. f3 Kf6 58. Nd3 Ne3+ 59. Kh3 Kf5 60. Nf4 Nd1 61. Nxh5 Nf2+ 62. Kg2 Nd3 63. g4+ Kg6 64. Ng3 Nf4+ 65. Kh2 1-0


[Site "https://www.chess.com"]

[Event "Titled Tuesday Blitz July 25 Late 2023"]
[White "Makridis, Dimitrios"]
[Black "Slovineanu, Viacheslav"]
[WhiteFideId "25864475"]
[BlackFideId "13900510"]
[WhiteElo "2733"]
[BlackElo "2366"]
[Result "0-1"]
[Round "2"]
[TimeControl "180+2"]
[Date "2023.07.25"]
[WhiteClock "0:00:00"]
[BlackClock "0:00:02"]
[Board "73"]

1. e4 c6 2. d4 d5 3. exd5 cxd5 4. Bd3 Nc6 5. c3 Nf6 6. h3 g6 7. Nf3 Bf5 8. Ne5 Bxd3 9. Nxd3 e6 10. O-O Bd6 11. Re1 Qc7 12. Nd2 O-O 13. Nf1 Ne4 14. Bh6 Rfe8 15. Qe2 e5 16. dxe5 Nxe5 17. Ne3 Qc6 18. Rad1 Rad8 19. Nxe5 Bxe5 20. Qf3 f5 21. Bf4 Bxf4 22. Qxf4 Re7 23. c4 Nf6 24. cxd5 Nxd5 25. Nxd5 Rxe1+ 26. Rxe1 Qxd5 27. Re7 Rd7 28. Qb8+ Rd8 29. Qxb7 Qd1+ 30. Kh2 Qd6+ 31. g3 Qd4 32. Kg2 a5 33. a4 Qd5+ 34. Qxd5+ Rxd5 35. Rb7 Rd4 36. b3 Rd3 37. Rb5 Kg7 38. h4 h5 39. Kf1 Kf6 40. Ke2 Rc3 41. Kd2 Rf3 42. Ke2 Rc3 43. Rxa5 Rxb3 44. Ra8 Ra3 45. a5 Ke5 46. a6 Kf6 47. Kd2 Kg7 48. Kc2 Ra2+ 49. Kb3 Ra1 50. Kb4 Ra2 51. Kb5 Rxf2 52. a7 Rb2+ 53. Kc6 Rc2+ 54. Kb7 Rb2+ 55. Kc7 Rc2+ 0-1


[Site "https://www.chess.com"]

[Event "Titled Tuesday Blitz July 25 Late 2023"]
[White "Andrews, Todd"]
[Black "Panesar Vedant"]
[WhiteFideId "2012456"]
[BlackFideId "35033018"]
[WhiteElo "2359"]
[BlackElo "2716"]
[Result "1-0"]
[Round "2"]
[TimeControl "180+2"]
[Date "2023.07.25"]
[WhiteClock "0:00:23"]
[BlackClock "0:00:10"]
[Board "74"]

1. e4 e5 2. Nf3 Nf6 3. Nc3 Nc6 4. Bb5 Nd4 5. Bc4 Bc5 6. d3 d6 7. h3 Ne6 8. Ne2 O-O 9. c3 c6 10. Bb3 Re8 11. O-O a5 12. Ng3 Bb6 13. d4 exd4 14. cxd4 d5 15. e5 Ne4 16. Nf5 Nf8 17. Ne3 Ng6 18. Ng4 f5 19. exf6 Nxf6 20. Nge5 Nxe5 21. Nxe5 Rf8 22. Bg5 Bf5 23. Rc1 h6 24. Bh4 Kh7 25. Rc3 Kg8 26. Rf3 Be4 27. Re3 Kh7 28. Bc2 Bxc2 29. Qxc2+ Kg8 30. Qg6 Qe8 31. Qd3 Qh5 32. Bxf6 Rxf6 33. f4 Bc7 34. Rg3 Bxe5 35. dxe5 Rf7 36. f5 Qh4 37. f6 g5 38. Qg6+ Kf8 39. e6 1-0


[Site "https://www.chess.com"]

[Event "Titled Tuesday Blitz July 25 Late 2023"]
[White "Korchmar, Vasiliy"]
[Black "ChessSG1"]
[WhiteFideId "24131750"]
[WhiteElo "2714"]
[BlackElo "2349"]
[Result "0-1"]
[Round "2"]
[TimeControl "180+2"]
[Date "2023.07.25"]
[WhiteClock "0:00:00"]
[BlackClock "0:00:21"]
[Board "75"]

1. e4 c5 2. d4 cxd4 3. Qxd4 Nc6 4. Qd3 Nf6 5. Nc3 g6 6. Nf3 Bg7 7. Be2 d6 8. O-O O-O 9. Nd5 Nd7 10. c3 Nc5 11. Qc2 a5 12. Bg5 h6 13. Bh4 f5 14. exf5 Bxf5 15. Qd1 Kh7 16. Nd4 Nxd4 17. cxd4 g5 18. Bxg5 hxg5 19. dxc5 dxc5 20. Bf3 g4 21. Be2 Bxb2 22. Rb1 Bd4 23. Nf4 Be5 24. Qc1 Bxf4 25. Qxf4 Bxb1 26. Qxg4 Bg6 27. h4 Qd5 28. h5 Qxh5 29. Qe6 Qg5 0-1


[Site "https://www.chess.com"]

[Event "Titled Tuesday Blitz July 25 Late 2023"]
[White "Koellner, Ruben Gideon"]
[Black "Fajdetic, Hrvoje"]
[WhiteFideId "12993093"]
[BlackFideId "14501945"]
[WhiteElo "2713"]
[BlackElo "2329"]
[Result "1-0"]
[Round "2"]
[TimeControl "180+2"]
[Date "2023.07.25"]
[WhiteClock "0:01:05"]
[BlackClock "0:00:11"]
[Board "76"]

1. d4 e6 2. Nf3 f5 3. Bg5 Nf6 4. Nc3 d5 5. e3 c6 6. Ne5 Bd6 7. f4 O-O 8. Bd3 b6 9. Qe2 Bb7 10. h3 c5 11. Qf2 Qe8 12. O-O-O Ne4 13. Nxe4 fxe4 14. Be2 cxd4 15. exd4 Nc6 16. Qg3 Rc8 17. Kb1 Na5 18. h4 Bxe5 19. fxe5 Nc4 20. h5 Qb5 21. Bxc4 Qxc4 22. c3 Qe2 23. Bf6 Rc7 24. h6 g6 25. Qh3 Rc6 26. Rhe1 Qb5 27. Rf1 Ba6 28. Rf2 Rfc8 29. Be7 Qa4 30. b3 Qa5 31. Bb4 Qb5 32. a4 Rxc3 33. Qxc3 Rxc3 34. Rf8# 1-0


[Site "https://www.chess.com"]